[Event "*** MasterClass Titled Tuesday Blitz"]
[Site "Chess.com"]
[Date "2017.09.05"]
[Round "4"]
[White "Darkbluelord"]
[Black "abubakrtagelsir"]
[Result "1/2-1/2"]
[WhiteElo "2145"]
[BlackElo "2212"]
[TimeControl "180+2"]
[EndTime "14:00:34 PDT"]
[Termination "Game drawn by agreement"]

1. e4 d6 2. d4 Nf6 3. Nc3 g6 4. Bc4 Bg7 5. f4 O-O 6. Nf3 Nxe4 7.
Nxe4 d5 8. Bd3 dxe4 9. Bxe4 c6 10. h3 Nd7 11. O-O Nf6 12. Bd3 Be6 13. c3 Bd5 14. Ne5 Nd7 15. Qe2 c5 16. Nxd7 Qxd7 17. dxc5 Rfd8 18. Bc4 Rac8 19. Be3 Qc6 20. Rad1 e6 21. Bd4 Qa4 22. b4 a5 23. Bxg7 Kxg7 24. Bxd5 exd5 25. Qe5+ Kg8 26. Rxd5 axb4 27. cxb4 Qxb4 28.
Rxd8+ Rxd8 29. Rc1 Ra8 30. Qd5 Qb2 31. Re1 Rxa2 32.
Re8+ Kg7 33. Re7 Qf2+ 34. Kh1 Ra1+ 35. Kh2 Qxf4+ 36. g3 Qf2+ 37. Qg2 Qf6 38. Rxb7 Rc1 39. Rb2 Rxc5 40. Rf2 Qa1 41. Qf3 Rc7 42. Qf4 Qc3 43.
h4 h5 44. Qg5 Qd4 45. Qf4 Qxf4 46. Rxf4 Rc2+ 47. Kh3 Kf8 48. Ra4 Rd2 49. Ra8+ Ke7 50. Ra7+ Rd7 51. Ra6 Rd6 52. Ra7+ Kf6 53. Ra5 Ke6 54.
Rb5 f6 55. Rc5 Rd5 56. Rc6+ Kf5 57. Rc1 g5 58. Rf1+ Kg6 59. hxg5 fxg5 60. Rf8 Rd2 61.
Rg8+ Kh6 62. Rh8+ Kg6 63. Rg8+ Kf7 64. Rxg5 Kf6 65. Rxh5 Kg6 66. Ra5 Rd6 67. Kh4 Rc6 68.
g4 Rb6 69. Rg5+ Kh6 70. Rh5+ Kg6 71. Rh8 Kg7 72. Ra8 Kg6 73. Kg3 Rc6 74. Ra5 Rb6 75. Ra4 Rc6 76. Kf4 Rb6 77. Re4 Rc6 78. Rd4 Rb6 79. Re4 1/2-1/2

[Event "*** MasterClass Titled Tuesday Blitz"]
[Site "Chess.com"]
[Date "2017.09.05"]
[Round "4"]
[White "HKBurwell"]
[Black "MatthewG-p4p"]
[Result "1-0"]
[WhiteElo "2363"]
[BlackElo "2558"]
[TimeControl "180+2"]
[EndTime "14:00:58 PDT"]
[Termination "HKBurwell won by checkmate"]

1. d4 Nf6 2. c4 c5 3. d5 e6 4. Nc3 exd5 5. cxd5 d6 6. e4 g6 7. h3 Bg7 8. Bd3 O-O 9. Bg5 h6 10. Be3 Re8 11. Nf3 a6 12. a4 Nbd7 13. O-O Qc7 14. Nd2 Rb8 15. a5 Ne5 16. Be2 b5 17. axb6 Rxb6 18. f4 Ned7 19. Bf3 Rxb2 20. Nc4 Rb4 21. Qd3 Nb6 22. Nxd6 Qxd6 23. e5 Qd8 24. Bxc5 Rxf4 25.
exf6 Bxf6 26. Rad1 Qc7 27. Be3 Bf5 28. Ne4 Bxe4 29.
Bxf4 Qc5+ 30. Qe3 Qxe3+ 31. Bxe3 Bxf3 32. Rxf3 Nd7 33. Bd4 Bd8 34. Re3 Rf8 35. Ra1 a5 36. d6 Bg5 37. Rd3 Ra8 38. Rda3 Bd8 39. Bc3 Ra6 40.
Bxa5 Bxa5 41. Rxa5 Rxd6 42. Ra8+ Kg7 43. Rd8 Kf6 44.
Ra7 Ke7 45. Rh8 h5 46. Kh2 Ke6 47. Re8+ Kf6 48. Rd8 Ke7 49. Rh8 Rd5 50. Kg3 Ke6 51. Re8+ Kf6 52. Kf2 Ne5 53. Ra6+ Kg7 54. Raa8 Rd2+ 55.
Kg1 Rd5 56. Kh2 Kf6 57. Rad8 Ra5 58. Rd6+ Kf5 59. Re7 f6 60. Rd1 Ra6 61. Rf1+ Kg5 62. Kg3 h4+ 63. Kh2 Nd3 64. Re3 Nf4 65. Re4 Nh5 66.
Rg4+ Kh6 67. Rxh4 Kg5 68. Rg4+ Kh6 69. Rh4 Kg5 70. Re4 f5 71. Re3 Ra2 72. Ref3 f4 73. R3f2 Ra3 74. Rb2 Ng3 75. Rb5+ Nf5 76. Rb4 Ne3 77.
Rfxf4 Ra2 78. h4+ Kh6 79. Kh3 Nxg2 80. Rf7 Ne3 81. Rbb7 g5 82. Rb6+ Kh5 83. Rh7# 1-0

[Event "*** MasterClass Titled Tuesday Blitz"]
[Site "Chess.com"]
[Date "2017.09.05"]
[Round "4"]
[White "iusegine"]
[Black "platy3"]
[Result "1/2-1/2"]
[WhiteElo "2385"]
[BlackElo "2550"]
[TimeControl "180+2"]
[EndTime "14:03:37 PDT"]
[Termination "Game drawn by 50-move rule"]

1. Nf3 Nf6 2. d4 g6 3. e3 Bg7 4. Be2 O-O 5. O-O d6 6. b3 b6 7.
Bb2 Bb7 8. c4 Nbd7 9. Nc3 e5 10.
dxe5 dxe5 11. Qc2 e4 12. Nd4 c5 13. Ndb5 Qe7 14. Rad1 Ne8 15. Nd5 Bxd5 16. Rxd5 a6 17. Nc3 f5 18. Rfd1 Ne5 19. Na4 Rb8 20. Bxe5 Bxe5 21.
Rd7 Qe6 22. Ra7 Nc7 23. Nc3 Ra8 24. Rxa8 Rxa8 25. Nd5 Rd8 26. Nxc7 Bxc7 27. Rxd8+ Bxd8 28. Qd2 Bf6 29. g3 Kf8 30. h4 Ke7 31. Bf1 Qe5 32. Be2 Qa1+ 33. Kg2 Qe5 34. Bf1 Bg7 35. Be2 Bh6 36. Bf1 Bg7 37. Be2 Bf6 38. Bf1 Ke6 39. Be2 Be7 40. Bf1 Bd6 41. Be2 h6 42. Bd1 g5 43.
hxg5 hxg5 44. Bh5 g4 45. Be8 Ke7 46. Bc6 Qh8 47. Qe1 Kd8 48. Qh1 Qxh1+ 49. Kxh1 Be5 50.
Bb7 a5 51. Kg2 Ke7 52. Kf1 Bc3 53. Ke2 Kd6 54. Bc8 Ke5 55. Bd7 Bb2 56. Kd2 Ba3 57.
Ke2 Bc1 58. Kd1 Bb2 59. Kd2 Ba1 60. Kc2 Kf6 61. Bc8 Kg5 62. Bd7 Kf6 63. Bc8 Ke5 64.
Bd7 a4 65. Bxa4 Kf6 66. Bd7 Be5 67. a3 Bd6 68. Kc3 Be5+ 69. Kc2 Bd6 70. Bc8 Ke5 71. Kc3 Bc7 72. b4 Kf6 73. Bd7 Be5+ 74. Kb3 Kg5 75. bxc5 bxc5 76. Bc8 Bc7 77. Ka4 Be5 78. Kb3 Bc7 79.
Ka4 Be5 80. Kb3 Bf6 81. Bd7 Kg6 82. Be6 Be5 83. Bc8 Kf6 84. Bb7 Kg5 85. Ba6 Kf6 86. Kc2 Bc7 87. Bb7 Ba5 88. Kd1 Bc3 89. Ke2 Bb2 90. a4 Bc3 91. Bc8 Ke5 92. Bd7 Bb4 93.
Kd1 Ba5 94. Bc8 Bd8 95. Bd7 Kf6 96. Bc8 Kg6 97. Bd7 Kg5 98. Kd2 Kf6 99. Ke2 Ke5 100. Bc8 Bc7 101. Bb7 Bb6 102. Bc6 Kf6 103. Bd5 Ke5 104. Bg8 Ba5 105. Bh7 Bc3 106. Bg8 Kf6 107. Bh7 Kg5 108. Kd1 Bb4 109. Ke2 Ba5 110. Kd1 Bd8 111. Bg8 Bc7 112. Be6 Bd8 113. Kd2 Bc7 114. Ke2 Bd8 115. Bd7 Bc7 116. Kf1 Bd8 117. Ke2 Bc7 118. Kf1 Bd8 119. Ke2 Bc7 120. Kf1 Bb6 121. Ke2 Bc7 122. Kf1 Bd8 123. Ke2 Bb6 124.
Kf1 Kf6 125. Kg2 Ke5 126. Kh2 Ba5 127. Kh1 Bc3 128. Kh2 Ba5 129. Kh1 Bb4 130. Kh2 Be1 131. Kg2 Bb4 132. Kf1 Ba5 133. Kg1 Kf6 134. Kh2 Ke5 135. Bc8 Bb4 136. Kg2 Bc3 137. Kf1 Bd2 138. Ke2 Bc3 139. Kf1 Bb4 140. Kg1 Ba5 141. Kg2 Bb6 142. Kf1 Bc7 143. Ke2 Bd8 144. Kd1 Bc7 145. Bd7 Bd8 146. Bc6 Bc7 147. Bb7 Bb6 148. Bc8 Ba5 149. Bd7 Kf6 150. Be8 Ke5 151. Bh5 Kf6 152. Be8 Bb4 153. Bh5 Bc3 154. Be8 Bb4 155. Bc6 Ba5 156. Bd5 Bb6 157. Bc6 Bc7 158. Bd7 Bd8 159. Bc8 Bc7 160. Bd7 Bb6 161. Bc6 Ba5 162. Bb5 Ke5 163. Be8 Kf6 164. Bh5 Kg5 165. Be8 1/2-1/2

[Event "*** MasterClass Titled Tuesday Blitz"]
[Site "Chess.com"]
[Date "2017.09.05"]
[Round "4"]
[White "GMKrikor"]
[Black "maciek_92"]
[Result "1-0"]
[WhiteElo "2578"]
[BlackElo "2519"]
[TimeControl "180+2"]
[EndTime "14:06:23 PDT"]
[Termination "GMKrikor won on time"]

1. e4 c5 2. Nf3 e6 3. d4 cxd4 4. Nxd4 Nc6 5. Nc3 a6 6. f4 Qc7 7.
Nxc6 bxc6 8. Bd3 d5 9. Qe2 Nf6 10. O-O Be7 11. Bd2 O-O 12. Rae1 Bb7 13. e5 Nd7 14. f5 exf5 15. Bxf5 g6 16. e6 Nc5 17. exf7+ Rxf7 18. Be6 Nxe6 19. Qxe6 Bc5+ 20. Kh1 Qd7 21.
Qxd7 Rxd7 22. Na4 Ba7 23. Bb4 a5 24. Bc5 Ba6 25. Rf6 Bb5 26. Bxa7 Bxa4 27. Bd4 Bxc2 28.
Rxc6 Be4 29. Kg1 Rf7 30. Rec1 Raf8 31. Rc7 Ra8 32. Rxf7 Kxf7 33. Rc7+ Ke6 34. Rxh7 Rc8 35. Bc3 a4 36. a3 Rc4 37. Rh4 Kf5 38. Rh8 d4 39.
Rf8+ Ke5 40. Re8+ Kd5 41. Rd8+ Ke5 42. Re8+ Kf5 43. g4+ Kf4 44. Bd2+ Kf3 45. Kf1 Rc2 46. Rf8+ Kxg4 47. Rf4+ Kg5 48. Ke1 Bc6 49. Rxd4+ Kf5 50. Bc3 Rxh2 51. Rc4 Be4 52. Rc5+ Kg4 53. Bf6 Kf3 54.
Kd1 Bd3 55. Kc1 Ke4 56. Rc8 Rh1+ 57. Kd2 Rh2+ 58. Kc1 Ke3 59. Bg5+ Kd4 60. Rd8+ Kc4 61. Bf6 Bf5 62. Rd4+ Kb3 63. Rb4+ Ka2 64. Rxa4 Rf2 65.
Rb4 Rg2 66. Bc3 g5 67. a4 Rc2+ 68. Kd1 Rh2 69. a5 g4 70. Be5 Rh3 71. a6 Rh7 72.
Bd4 Kb1 73. a7 Be4 74. Kd2 Bf3 75. Rb8 Rd7 76. Kc3 Rc7+ 77. Kd3 g3 78. a8=Q Bxa8 79. Rxa8 g2 80. Rg8 Rc2 81. Rg3 Kc1 82. Bc3 Kb1 83. Ke3 Ka2 84. Kf3 Rc1 85. Rxg2 Kb3 86. Rg4 Rd1 87.
Rd4 Rh1 88. Ke2 Kc2 89. Rd2+ Kb3 90. Rd7 Rh2+ 91. Ke3 Rh3+ 92. Ke4 Rh4+ 93. Kd5 Rh5+ 94. Kc6 Rh6+ 95. Kc5 Rh5+ 96. Rd5 Rh7 97. Kc6 Rh6+ 98. Kb7 Rh7+ 99. Kb6 Rh6+ 100. Kb5 Rh4 101. Rc5 Rh3 102. Rc6 Rh5+ 103. Ka6 Rh7 104. Rb6+ Kc4 105. Rb4+ Kc5 106. Rb8 Kc4 107. Ka5 Ra7+ 108. Kb6 Rh7 109. Rc8+ Kb3 110. Rc5 Rh6+ 111. Ka5 Rh7 112. Rb5+ Kc4 113. Rb4+ Kd3 114. Ka4 Kc2 115. Rb5 Ra7+ 116. Ra5 Rb7 117. Ka3 Rb3+ 118. Ka2 Rb7 119. Be5 Kd3 120. Rc5 Ra7+ 121. Kb1 Ke4 122. Bh8 Ra8 123. Bg7 Ra7 124. Bh6 Kd4 125. Rc1 Rb7 126. Bf4 Ke4 127. Bc7 Kd4 128. Bg3 Rb5 129. Be1 Kd3 130. b4 Kd4 131. Kb2 Rh5 132. Kb3 Rh3+ 133. Bc3+ Kd5 134. Rf1 Kc6 135. Kc4 Kb7 136. b5 Rh7 137. Rf6 Rc7+ 138. Kb4 Re7 139. Rg6 Re4+ 140. Kc5 Kb8 141. Rg7 Re6 142. Bd4 Re2 143. Kd5 Ka8 144. Bc5 Re8 145. Kc6 Rc8+ 146. Kd5 Re8 147. b6 Rd8+ 148. Kc6 1-0

[Event "*** MasterClass Titled Tuesday Blitz"]
[Site "Chess.com"]
[Date "2017.09.05"]
[Round "5"]
[White "aa175"]
[Black "krzyzan94"]
[Result "0-1"]
[WhiteElo "1847"]
[BlackElo "2491"]
[TimeControl "180+2"]
[EndTime "14:09:49 PDT"]
[Termination "krzyzan94 won by resignation"]

1. e4 c5 2. Nf3 e6 3. Nc3 Nc6 4. Bc4 a6 5. a4 g5 6. h3 Bg7 7. d3 h6 8. Be3 d6 9. Qe2 Nge7 10. Bb3 Nd4 11. Bxd4 cxd4 12. Na2 Qa5+ 13. Qd2 Qxd2+ 14.
Nxd2 Nc6 15. Nc4 Ke7 16. Nb6 Rb8 17. Nxc8+ Rhxc8 18. Kd2 Na5 19. Rac1 Rc5 20. Nb4 Rbc8 21.
g4 Be5 22. Ke2 Nxb3 0-1

[Event "*** MasterClass Titled Tuesday Blitz"]
[Site "Chess.com"]
[Date "2017.09.05"]
[Round "5"]
[White "Iball95"]
[Black "dhanushbharadwaj"]
[Result "1-0"]
[WhiteElo "2587"]
[BlackElo "2418"]
[TimeControl "180+2"]
[EndTime "14:10:46 PDT"]
[Termination "Iball95 won by resignation"]

1. d4 g6 2. e4 Bg7 3. Nc3 d6 4.
Be3 Nf6 5. Qd2 Nbd7 6. Bh6 Bxh6 7. Qxh6 c5 8. Nf3 cxd4 9. Nxd4 Qb6 10. O-O-O Nc5 11.
Bb5+ Bd7 12. f3 O-O-O 13. Bxd7+ Ncxd7 14. Rhe1 a6 15. Kb1 Qc5 16. Qd2 Ne5 17. Nb3 Qc7 18. Qe3 b5 19. a4 Nc4 20. Qe2 b4 21. Nd5 Nxd5 22. exd5 Rhe8 23. Rd4 Nb6 24. Qxa6+ Kd7 25. Qb5+ Kc8 26. Rxb4 Nd7 27. Qa6+ 1-0

[Event "*** MasterClass Titled Tuesday Blitz"]
[Site "Chess.com"]
[Date "2017.09.05"]
[Round "5"]
[White "livestrong04"]
[Black "Jahonas"]
[Result "1-0"]
[WhiteElo "2370"]
[BlackElo "2206"]
[TimeControl "180+2"]
[EndTime "14:10:59 PDT"]
[Termination "livestrong04 won by resignation"]

1. e4 c6 2. c4 d5 3. cxd5 cxd5 4. exd5 Nf6 5. Qa4+ Bd7 6. Qb3 Qb6 7. Nc3 Qxb3 8.
axb3 a6 9. Nf3 g6 10. Bc4 Bg7 11. O-O O-O 12. Re1 Re8 13. d4 b6 14. Ng5 Ra7 15.
d6 e6 16. d5 h6 17. dxe6 fxe6 18. Nxe6 Bxe6 19. Rxe6 Rxe6 20. Bxe6+ Kf8 21. Be3 Nbd7 22. Na4 Rb7 23. Rc1 Ne8 24. Rc8 Be5 25. Bxh6+ 1-0

[Event "*** MasterClass Titled Tuesday Blitz"]
[Site "Chess.com"]
[Date "2017.09.05"]
[Round "5"]
[White "Rodalquilar"]
[Black "JSPrepz"]
[Result "0-1"]
[WhiteElo "2516"]
[BlackElo "2457"]
[TimeControl "180+2"]
[EndTime "14:11:06 PDT"]
[Termination "JSPrepz won by resignation"]

1. d4 Nf6 2. c4 c6 3. Nc3 d5 4.
cxd5 cxd5 5. Bf4 Nc6 6. e3 Bf5 7. f3 e6 8. g4 Bg6 9. h4 h6 10. h5 Bh7 11. Bd3 Bxd3 12. Qxd3 Bd6 13. Nh3 a6 14.
Rc1 Rc8 15. a3 Bxf4 16. Nxf4 Qd6 17. Rh2 e5 18. dxe5 Nxe5 19. Qd1 O-O 20. Rd2 Rfd8 21. Kf2 Kh8 22. Ncxd5 Rxc1 23. Qxc1 Nxd5 24. Qd1 Nc3 25.
Rxd6 Nxd1+ 26. Ke2 Rxd6 0-1

[Event "*** MasterClass Titled Tuesday Blitz"]
[Site "Chess.com"]
[Date "2017.09.05"]
[Round "5"]
[White "cheese111"]
[Black "Blitzking4444"]
[Result "1-0"]
[WhiteElo "2306"]
[BlackElo "2084"]
[TimeControl "180+2"]
[EndTime "14:12:16 PDT"]
[Termination "cheese111 won on time"]

1. e4 e6 2. d4 d5 3. Nd2 Be7 4.
Ngf3 Nf6 5. e5 Nfd7 6. Bd3 c5 7. c3 Nc6 8. O-O a5 9. Re1 cxd4 10. cxd4 Qb6 11.
a3 Nxd4 12. Nxd4 Qxd4 13. Nf3 Qb6 14. Be3 Bc5 15. Rc1 Bxe3 16. Rxe3 Nc5 17. Bb1 Bd7 18.
Qd4 Na4 19. Qg4 Qxb2 20. Rce1 g6 21. Qg5 Qb6 22. Qf6 Rf8 23. Ng5 h6 24. Nxf7 1-0

[Event "*** MasterClass Titled Tuesday Blitz"]
[Site "Chess.com"]
[Date "2017.09.05"]
[Round "5"]
[White "Drags95"]
[Black "Keranke"]
[Result "0-1"]
[WhiteElo "2548"]
[BlackElo "2688"]
[TimeControl "180+2"]
[EndTime "14:12:21 PDT"]
[Termination "Keranke won by resignation"]

1. e4 g6 2. d4 Bg7 3. Nc3 d6 4.
Be2 a6 5. h4 h5 6. Be3 b5 7.
Qd2 Bb7 8. f3 Nd7 9. Nh3 c5 10.
dxc5 Nxc5 11. O-O-O Rc8 12. Kb1 Qa5 13. Nd5 Qxd2 14.
Rxd2 Na4 15. Bd4 Bxd4 16. Rxd4 Bxd5 17. exd5 Nf6 18. Nf4 Nb6 19. c3 Kd7 20. Bd1 Rc4 21. Rxc4 bxc4 22. Be2 Rg8 23. Rd1 g5 24. hxg5 Rxg5 25.
Rd4 e5 26. dxe6+ fxe6 27. Bf1 e5 28. Nh3 exd4 29. Nxg5 dxc3 30. bxc3 Nfd5 31. Ne4 Ne3 32. Nd2 h4 33. f4 d5 34. Kb2 Na4+ 0-1

[Event "*** MasterClass Titled Tuesday Blitz"]
[Site "Chess.com"]
[Date "2017.09.05"]
[Round "5"]
[White "liquormark"]
[Black "Hafez_Bakr"]
[Result "0-1"]
[WhiteElo "2079"]
[BlackElo "1874"]
[TimeControl "180+2"]
[EndTime "14:12:47 PDT"]
[Termination "Hafez_Bakr won by resignation"]

1. c4 f5 2. Nc3 Nf6 3. Nf3 d6 4. g3 e5 5. d3 Be7 6. Bg2 O-O 7.
Rb1 a5 8. a3 c5 9. O-O Nc6 10.
Bd2 h6 11. b4 axb4 12. axb4 Nxb4 13. Nb5 Nc6 14. Nh4 Kh7 15. Ra1 Be6 16. Rxa8 Qxa8 17. Nc7 Qc8 18. Nxe6 Qxe6 19. Qb1 Qd7 20. Qb6 Bd8 21.
Qb5 Nd4 22. Qxd7 Nxe2+ 23. Kh1 Nxd7 24. Bxb7 Bxh4 25. gxh4 Nd4 26. f4 g6 27. Bd5 Nf6 28. fxe5 dxe5 29. Bg2 Rb8 30. Re1 Rb2 31. Bc3 Rb3 32.
Bxd4 exd4 33. Bf1 Ng4 34. Re7+ Kg8 35. Rc7 Rb1 36. Kg2 Ne3+ 37. Kf3 Rxf1+ 38. Ke2 0-1

[Event "*** MasterClass Titled Tuesday Blitz"]
[Site "Chess.com"]
[Date "2017.09.05"]
[Round "5"]
[White "AbdAlAgathos"]
[Black "Quiet_Desperation"]
[Result "0-1"]
[WhiteElo "2336"]
[BlackElo "2225"]
[TimeControl "180+2"]
[EndTime "14:12:58 PDT"]
[Termination "Quiet_Desperation won by resignation"]

1. e4 e6 2. d4 d5 3. Nd2 Nf6 4. e5 Nfd7 5. c3 c5 6. Bd3 Nc6 7. Ne2 cxd4 8. cxd4 f6 9. exf6 Nxf6 10. O-O Bd6 11.
Nf3 Qc7 12. Nc3 a6 13. Bg5 O-O 14. Rc1 Bd7 15. Re1 Ng4 16. h3 Bh2+ 17. Kf1 Nxf2 18. Kxf2 Qg3+ 19. Kf1 Qxg5 20. Re2 Nxd4 21. Bxh7+ Kxh7 22. Qxd4 Qxc1+ 23. Re1 Qh6 24. Ke2 Bg3 25. Rf1 Bb5+ 26.
Nxb5 axb5 27. Qg4 Bd6 28. Ng5+ Kg8 29. Rf3 Rxf3 30. gxf3 Rxa2 0-1

[Event "*** MasterClass Titled Tuesday Blitz"]
[Site "Chess.com"]
[Date "2017.09.05"]
[Round "5"]
[White "Daniela_Movileanu"]
[Black "PlotnikovPavel"]
[Result "0-1"]
[WhiteElo "2012"]
[BlackElo "2468"]
[TimeControl "180+2"]
[EndTime "14:13:27 PDT"]
[Termination "PlotnikovPavel won by resignation"]

1. e4 e6 2. d4 d5 3. Nd2 Be7 4.
Ngf3 Nf6 5. e5 Nfd7 6. Bd3 c5 7. c3 Nc6 8. O-O O-O 9. h3 cxd4 10. cxd4 Qb6 11. Nb3 a5 12. Bg5 h6 13. Bxe7 Nxe7 14. Rb1 Nb8 15. Nc5 Bd7 16. a3 a4 17. b4 Bb5 18. Nh2 Nbc6 19. Bxb5 Qxb5 20. Ng4 Rfd8 21. Ne3 Ra7 22. Nc2 b6 23. Nd3 Nf5 24.
Nf4 Qc4 25. Ne3 Qxd4 26. Nxf5 Qxf4 27. Ne3 Nxe5 28. Rc1 Rad7 29. Qc2 d4 30. Nc4 d3 31. Qc3 d2 32. Rcd1 Nxc4 33. g3 Qd4 0-1

[Event "*** MasterClass Titled Tuesday Blitz"]
[Site "Chess.com"]
[Date "2017.09.05"]
[Round "5"]
[White "manubibi"]
[Black "SavelijTartakover"]
[Result "0-1"]
[WhiteElo "2421"]
[BlackElo "2563"]
[TimeControl "180+2"]
[EndTime "14:13:29 PDT"]
[Termination "SavelijTartakover won by resignation"]

1. e4 c5 2. Nf3 d6 3. d4 cxd4 4. Nxd4 Nf6 5. Nc3 Nc6 6. Bg5 e6 7. Qd2 a6 8. O-O-O Bd7 9. f4 Be7 10. Be2 h6 11. Bh4 Nxd4 12. Qxd4 Bc6 13. Bf3 O-O 14.
e5 dxe5 15. fxe5 Nd5 16. Bxe7 Nxe7 17. Qc5 Qc7 18. Bxc6 Nxc6 19. Rd6 Rac8 20. Rhd1 Qe7 21. Kb1 Qg5 22. Ne4 Qf4 23. Ng3 Nxe5 24. Qb6 Nc4 25.
R6d4 Qxg3 26. Rxc4 Qxg2 27. Rxc8 Rxc8 28. Rd8+ Rxd8 29.
Qxd8+ Kh7 30. Qd3+ f5 31. a4 Qxh2 32. Qd7 Qh1+ 33.
Ka2 Qd5+ 0-1

[Event "*** MasterClass Titled Tuesday Blitz"]
[Site "Chess.com"]
[Date "2017.09.05"]
[Round "5"]
[White "Robin-Side"]
[Black "2L8IWUN"]
[Result "0-1"]
[WhiteElo "2272"]
[BlackElo "1785"]
[TimeControl "180+2"]
[EndTime "14:13:36 PDT"]
[Termination "2L8IWUN won by resignation"]

1. e4 c5 2. Nf3 d6 3. d4 cxd4 4. Nxd4 Nf6 5. Nc3 Nc6 6. Be2 e5 7. Nf3 Be7 8. O-O h6 9. Re1 O-O 10. Bf1 Be6 11. Nd5 Rc8 12. c3 Bxd5 13. exd5 Na5 14.
b3 Rxc3 15. Bd2 Rc8 16. Bd3 Nxd5 17. Qe2 Nc6 18. Rad1 Re8 19. Bc4 Nf6 20. Bc1 e4 21.
Nh4 d5 22. Nf5 Bf8 23. Bb2 Qd7 24. Nxh6+ gxh6 25. Bxf6 Qf5 26. Rxd5 Qxf6 27. Qg4+ Qg7 28. Qh5 Ne5 29. Be2 Nf3+ 0-1

[Event "*** MasterClass Titled Tuesday Blitz"]
[Site "Chess.com"]
[Date "2017.09.05"]
[Round "5"]
[White "Izoria123"]
[Black "W_Amadeus"]
[Result "1/2-1/2"]
[WhiteElo "2651"]
[BlackElo "2432"]
[TimeControl "180+2"]
[EndTime "14:13:39 PDT"]
[Termination "Game drawn by agreement"]

1. Nf3 d5 2. e3 Nf6 3. b3 Bg4 4. Ba3 Nbd7 5. Be2 e6 6. Bxf8 Nxf8 7.
O-O N8d7 8. c4 c6 9. d4 O-O 10.
Nbd2 Qe7 11. h3 Bxf3 12. Bxf3 Rfe8 13. Qc2 Rad8 14. Rfd1 a6 15. Rac1 Nf8 16. g3 Ng6 17. Bg2 Rd7 18. Qc3 e5 19. Nf3 exd4 20. Nxd4 dxc4 21.
Qxc4 Red8 22. Qc2 Nf8 23. Nf5 Qe5 24. Rxd7 Rxd7 25. f4 Qa5 26. Nd4 Nd5 27. Bxd5 Qxd5 28. Qf5 1/2-1/2

[Event "*** MasterClass Titled Tuesday Blitz"]
[Site "Chess.com"]
[Date "2017.09.05"]
[Round "5"]
[White "yurisolo"]
[Black "Aariow"]
[Result "1-0"]
[WhiteElo "2574"]
[BlackElo "2365"]
[TimeControl "180+2"]
[EndTime "14:13:43 PDT"]
[Termination "yurisolo won by resignation"]

1. e4 c5 2. Nf3 Nc6 3. Bb5 Qb6 4. Nc3 e6 5. Bxc6 bxc6 6. O-O Ne7 7. d3 Ng6 8. e5 Be7 9. Re1 O-O 10. b3 f6 11.
exf6 Bxf6 12. Bd2 Bd4 13. Na4 Qc7 14. c3 Bf6 15. Nxc5 Nh4 16. Nxh4 Bxh4 17. g3 Be7 18. d4 e5 19. Rxe5 d6 20. Ne6 Qb7 21. Re2 Rf5 22.
Qc2 Bxe6 23. Rxe6 Raf8 24. Rae1 Bd8 25. Bf4 d5 26. Re8 Qf7 27. Rxf8+ Qxf8 28. Re5 h5 1-0

[Event "*** MasterClass Titled Tuesday Blitz"]
[Site "Chess.com"]
[Date "2017.09.05"]
[Round "5"]
[White "Carolina-moon"]
[Black "biostatistician"]
[Result "0-1"]
[WhiteElo "2151"]
[BlackElo "2425"]
[TimeControl "180+2"]
[EndTime "14:13:50 PDT"]
[Termination "biostatistician won by resignation"]

1. e4 e6 2. d4 d5 3. Nd2 Nc6 4. Ngf3 Nf6 5. e5 Ne4 6. Bb5 Bd7 7. Qe2 Nxd2 8. Bxd2 Be7 9. c3 a6 10.
Bd3 Na7 11. a4 c5 12. dxc5 Bxc5 13. h4 h6 14. g4 Nc6 15. h5 a5 16. g5 hxg5 17.
Bxg5 Qb6 18. h6 Be7 19. Bxe7 Nxe7 20. h7 O-O-O 21. Nd4 Kb8 22. Ra3 Nf5 23. Bxf5 exf5 24. Rb3 Qc7 25. Nb5 Bxb5 26. Qxb5 Qxe5+ 27. Kf1 Qc7 28. Rh4 Rd6 29. Rd4 Rxh7 30. Qd3 Rh1+ 31. Kg2 Rdh6 32. Rxd5 R6h2+ 33. Kf3 Rh3+ 34. Ke2 Rxd3 35. Rxd3 Qc4 0-1

[Event "*** MasterClass Titled Tuesday Blitz"]
[Site "Chess.com"]
[Date "2017.09.05"]
[Round "5"]
[White "ViIIagra"]
[Black "Bryakin_Mikhail"]
[Result "1-0"]
[WhiteElo "2677"]
[BlackElo "2543"]
[TimeControl "180+2"]
[EndTime "14:13:53 PDT"]
[Termination "ViIIagra won by resignation"]

1. e4 c6 2. d4 d5 3. e5 Bf5 4.
h4 h5 5. c4 dxc4 6. Bxc4 e6 7.
Nc3 Nd7 8. Nge2 Ne7 9. Ng3 Bg6 10. Be2 Nf5 11. Nxf5 Bxf5 12. Bxh5 g6 13. Bf3 g5 14. g4 Bg6 15. Bxg5 Qb6 16. Qd2 Bg7 17. h5 Bh7 18. a3 c5 19. Na4 Qb3 20. Bd1 Qb5 21. f4 cxd4 22. Qxd4 Nxe5 23. fxe5 Bxe5 24. Qe3 Bc7 25. Nc3 Qxb2 26. Ba4+ Kf8 27. Rd1 Qxa3 28. Bh6+ Ke7 29. Nd5+ 1-0

[Event "*** MasterClass Titled Tuesday Blitz"]
[Site "Chess.com"]
[Date "2017.09.05"]
[Round "5"]
[White "Tarlev_Konstantin"]
[Black "Peroncio"]
[Result "1-0"]
[WhiteElo "2609"]
[BlackElo "2417"]
[TimeControl "180+2"]
[EndTime "14:13:53 PDT"]
[Termination "Tarlev_Konstantin won by resignation"]

1. e4 c5 2. Nf3 d6 3. d4 cxd4 4.
Nxd4 Nf6 5. Nc3 a6 6. Nb3 e5 7. Bg5 Be7 8. Bc4 O-O 9. Bxf6 Bxf6 10. O-O Be6 11. Nd2 b5 12. Bb3 Nd7 13. a4 Qb6 14. Nd5 Bxd5 15. Bxd5 Rac8 16. c3 Nc5 17. axb5 axb5 18.
Qg4 Nd3 19. Ra2 Rc7 20. g3 Ra7 21. Rxa7 Qxa7 22. Qe2 Nxb2 23. Qxb5 Rb8 24. Qc6 Be7 25. Rb1 h6 26. Nf1 Nd3 27. Rxb8+ Qxb8 28. Bxf7+ Kf8 29. Bc4 Nb2 30. Ba2 Bf6 31. Qd5 Ke7 32. Qf7+ Kd8 33. Be6 Qb5 34. Ne3 Nd3 35. Nd5 Qb1+ 36. Kg2 Ne1+ 37. Kh3 Qb5 38. Qc7+ Ke8 39.
Qc8+ Bd8 40. Nc7+ Ke7 41. Nxb5 1-0

[Event "*** MasterClass Titled Tuesday Blitz"]
[Site "Chess.com"]
[Date "2017.09.05"]
[Round "5"]
[White "AndrewMcStone"]
[Black "Bad4life"]
[Result "0-1"]
[WhiteElo "2060"]
[BlackElo "2166"]
[TimeControl "180+2"]
[EndTime "14:13:53 PDT"]
[Termination "Bad4life won on time"]

1. d4 Nf6 2. c4 g6 3. Nc3 Bg7 4. e4 d6 5. Nge2 O-O 6. Ng3 c5 7. d5 e6 8. Be2 exd5 9. cxd5 Re8 10. O-O Re7 11. Bg5 Nbd7 12. Qd2 Qf8 13. f4 a6 14.
a4 h6 15. Bh4 Qe8 16. e5 dxe5 17. d6 exf4 18. dxe7 fxg3 19. Bxg3 Qxe7 20. Bd6 Qe6 21. Rae1 Ne4 22. Nxe4 Qxe4 23. Rf4 Bd4+ 24. Kh1 Qe6 25. Bc4 Qxc4 26. Re8+ Kg7 27. h3 Qd5 0-1

[Event "*** MasterClass Titled Tuesday Blitz"]
[Site "Chess.com"]
[Date "2017.09.05"]
[Round "5"]
[White "josiwales"]
[Black "XeresLt"]
[Result "1-0"]
[WhiteElo "2320"]
[BlackElo "2382"]
[TimeControl "180+2"]
[EndTime "14:13:58 PDT"]
[Termination "josiwales won by resignation"]

1. e4 c5 2. Nc3 Nc6 3. g3 g6 4.
Bg2 Bg7 5. d3 e5 6. Be3 d6 7.
Qd2 Nd4 8. Nd1 Ne7 9. c3 Ne6 10. Ne2 O-O 11. h4 h5 12. f4 d5 13. Qc2 dxe4 14. dxe4 exf4 15. Nxf4 Qc7 16. O-O b6 17. Nd5 Nxd5 18. exd5 Nd8 19. d6 Qb8 20. Bf4 Bd7 21. Bxa8 Qxa8 22. Ne3 Ne6 23. Qf2 Re8 24. Rad1 Qe4 25.
Nd5 Bc6 26. Rfe1 Nxf4 27. Rxe4 Nh3+ 28. Kg2 Nxf2 29. Rxe8+ Bxe8 30. Kxf2 Bd7 31. Re1 Bf8 32. Nf6+ Kg7 33. Nxd7 Bxd6 1-0

[Event "*** MasterClass Titled Tuesday Blitz"]
[Site "Chess.com"]
[Date "2017.09.05"]
[Round "5"]
[White "Keaton87"]
[Black "3f32"]
[Result "1-0"]
[WhiteElo "2480"]
[BlackElo "2372"]
[TimeControl "180+2"]
[EndTime "14:14:00 PDT"]
[Termination "Keaton87 won by resignation"]

1. e4 c5 2. Nf3 d6 3. d4 cxd4 4.
Nxd4 Nf6 5. Nc3 a6 6. Bg5 Nbd7 7.
f4 Qc7 8. Qe2 e5 9. Nf5 h6 10.
Bxf6 Nxf6 11. fxe5 dxe5 12. O-O-O Be6 13. g4 Rc8 14. Bg2 Bc4 15. Qf3 b5 16. Rd2 Qa5 17. Nd6+ Bxd6 18. Rxd6 b4 19. Nd5 Bxd5 20. exd5 Qxa2 21.
Rxf6 gxf6 22. Qxf6 O-O 23. Qxh6 Qc4 24. Qg5+ Kh7 25.
Qf5+ Kg7 26. Be4 Rh8 27. Rf1 Qc7 28. d6 Qa7 29. d7 Qe3+ 30. Kb1 Rcf8 31. Qf6+ Kg8 32.
d8=Q Rxd8 33. Qxd8+ Kg7 1-0